 Dungeon Crawl Stone Soup version 0.24-a0-397-g73b976d (webtiles) character file.

Game seed: 4233201562625140585

897 MatthieuS the Bolt Thrower (level 8, -1/48 HPs)
             Began as a Kobold Arcane Marksman on June 3, 2019.
             Was a Follower of Okawaru.
             Slain by an orc priest
             ... wielding a +0 flail
              (5 damage)
             ... on level 5 of the Dungeon on June 4, 2019.
             The game lasted 00:24:31 (8522 turns).

MatthieuS the Bolt Thrower (Kobold Arcane Marksman) Turns: 8522, Time: 00:24:31

Health: -1/48      AC:  8    Str: 10    XL:     8   Next: 28%
Magic:  8/10       EV: 17    Int: 14    God:    Okawaru [*.....]
Gold:   228        SH:  0    Dex: 15    Spells: 4/10 levels left

rFire    + . .     SeeInvis .   w - +0 hand crossbow
rCold    . . .     Gourm    .   (shield restricted)
rNeg     . . .     Faith    .   c - +0 ring mail
rPois    .         Spirit   .   (no helmet)
rElec    .         Reflect  .   (no cloak)
rCorr    .         Harm     .   s - +1 pair of gloves
MR       .....                  (no boots)
Stlth    +++++.....             (no amulet)
HPRegen  0.16/turn              g - ring of protection from fire
MPRegen  0.12/turn              r - ring of stealth

@: heroism
A: small, carnivore
a: Heroism, Renounce Religion


You were on level 5 of the Dungeon.
You worshipped Okawaru.
Okawaru was aware of your devotion.
You were full.

You visited 1 branch of the dungeon, and saw 5 of its levels.

You collected 228 gold pieces.

Inventory:

Hand Weapons
 a - a +0 trident
   (You found it on level 5 of the Dungeon)
 w - a +0 hand crossbow (weapon)
Missiles
 d - 3 bolts (quivered)
Armour
 c - a +0 ring mail (worn)
   (You found it on level 1 of the Dungeon)
 f - a +0 robe
 s - a +1 pair of gloves (worn)
   (You found it on level 3 of the Dungeon)
Jewellery
 g - a ring of protection from fire (left hand)
   (You took it off an orc on level 4 of the Dungeon)
 r - a ring of stealth (right hand)
   (You found it on level 5 of the Dungeon)
Wands
 p - a wand of polymorph (3)
   (You found it on level 5 of the Dungeon)
Scrolls
 b - 2 scrolls of immolation {!r}
 i - a scroll of random uselessness {unknown}
 j - 2 scrolls of amnesia
 n - 4 scrolls of remove curse {@r2}
 q - 2 scrolls of identify {@r1}
Potions
 h - a potion of agility
 l - a potion of brilliance
Comestibles
 e - 8 rations


   Skills:
 + Level 4.4(9.4) Fighting
 * Level 6.7(11.7) Crossbows
 - Level 2.4(7.4) Dodging
 + Level 5.7(10.7) Stealth
 - Level 1.5 Spellcasting
 - Level 4.6 Hexes
 - Level 1.0 Invocations


You had 4 spell levels left.
You knew the following spells:

 Your Spells              Type           Power        Failure   Level  Hunger
a - Corona                Hex            ##.....      9%          1    ##.....
b - Slow                  Hex            ##......     13%         2    ###....
c - Portal Projectile     Hex/Tloc       #.....       56%         3    ####...

Your spell library contained the following spells:

 Spells                   Type           Power        Failure   Level  Hunger
 Inner Flame              Hex/Fire       #.......     56%         3    ####...
 Cause Fear               Hex            ##........   63%         4    #####..
 Leda's Liquefaction      Hex/Erth       #.........   92%         4    #####..


Dungeon Overview and Level Annotations

Branches:
Dungeon (5/15)             Temple (0/1) D:4

Altars:
Okawaru


Innate Abilities, Weirdness & Mutations

You are small and have problems with some larger weapons.
You are carnivorous and can eat meat at any time.


Message History

Aim: an orc priest, wielding a +0 flail and wearing a +0 plate armour You shoot a bolt.
The bolt hits the orc priest.
The orc priest hits you with a +0 flail!
Firing (i - inventory)
d - 10 bolts (quivered)
Aim: an orc priest, wielding a +0 flail and wearing a +0 plate armour (lightly wounded)
You shoot a bolt.
The bolt hits the orc priest but does no damage.
The orc priest hits you with a +0 flail!
* * * LOW HITPOINT WARNING * * *
You are too injured to fight recklessly!
Firing (i - inventory)
d - 9 bolts (quivered)
Aim: an orc priest, wielding a +0 flail and wearing a +0 plate armour (lightly wounded)
You shoot a bolt. The bolt barely misses the orc priest.
The orc priest misses you.
Firing (i - inventory)
d - 8 bolts (quivered)
Aim: an orc priest, wielding a +0 flail and wearing a +0 plate armour (lightly wounded)
You shoot a bolt.
The bolt hits the orc priest but does no damage.
The orc priest looks encouraged for a moment.
Firing (i - inventory)
d - 7 bolts (quivered)
Aim: an orc priest, wielding a +0 flail and wearing a +0 plate armour (lightly wounded)
You shoot a bolt.
The bolt hits the orc priest but does no damage.
The orc priest barely misses you.
Firing (i - inventory)
d - 6 bolts (quivered)
Aim: an orc priest, wielding a +0 flail and wearing a +0 plate armour (lightly wounded)
You shoot a bolt. The bolt closely misses the orc priest.
The orc priest mumbles some strange prayers to Beogh against you.
Pain shoots through your body!
* * * LOW HITPOINT WARNING * * *
You feel better.
The orc priest hits you with a +0 flail.
* * * LOW HITPOINT WARNING * * *
You gain the combat prowess of a mighty hero.
The orc priest mumbles some strange prayers to Beogh against you.
Pain shoots through your body!
* * * LOW HITPOINT WARNING * * *
You feel better.
The orc priest calls down the wrath of Beogh upon you.
Beogh smites you!
* * * LOW HITPOINT WARNING * * *
Firing (i - inventory)
d - 5 bolts (quivered)
Aim: an orc priest, wielding a +0 flail and wearing a +0 plate armour (lightly wounded)
You shoot a bolt. The bolt barely misses the orc priest.
The orc priest looks braver for a moment.
Firing (i - inventory)
d - 4 bolts (quivered)
Aim: an orc priest, wielding a +0 flail and wearing a +0 plate armour (lightly wounded)
You shoot a bolt. The bolt barely misses the orc priest.
The orc priest hits you with a +0 flail.
You die...

#######o#*..#*#+###...####...#...
,,,,,,..o...##.......(# #.......
*****##..........#....####....<..
*,,,,,..........,#...('..).......
*,****.......$.o.#..(.####.......
*,,,,*c.....o.........####)......
****,*,,,,,,,,...##)......###....
,,,,,,,,,,,,*#####(.......# #....
****,**,,,,,*#..@o........# #####
,,,,,,,,,*,,*#.###.(......#
******,,**,,*#,#..........#
,,,,,,,,,,,,**,####.......#***
,,,,,,,,,**,,,,,,..........),*
,,,,,,,,,*****,*###.......##.#*
,,,,,,,*,**,,,,*,*.♣##.###.*,.***
,,*,*,,*,**,****,.♣,*P##**♣.,,*,,
,,*,*,,*,**,**,*♣♣*,,.,,*,,♣♣*,,*


You could see an orc priest.

Vanquished Creatures
  A phantom (D:4)
  An ogre (D:3)
  A centaur (D:5)
  A scorpion (D:5)
  A crimson imp (D:4)
  2 orc priests
  A jelly (D:5)
  5 orc wizards
  2 worker ants
  A hound zombie (D:5)
  A howler monkey skeleton (D:4)
  3 river rats (D:5)
  10 adders
  An ooze (D:3)
  4 worms
  2 dart slugs (D:1)
  3 leopard geckos
  23 orcs
  2 ball pythons
  5 giant cockroaches
  8 hobgoblins
  14 jackals
  6 kobolds
  3 quokkas (D:2)
  A bat (D:3)
  9 frilled lizards
  5 goblins
  9 rats
125 creatures vanquished.

Vanquished Creatures (others)
  A plant (D:5)
1 creature vanquished.

Grand Total: 126 creatures vanquished

Notes
Turn   | Place    | Note
-------+----------+-------------------------------------------
     0 | D:1      | MatthieuS the Kobold Arcane Marksman began the quest for
                  | the Orb.
     0 | D:1      | Reached XP level 1. HP: 12/12 MP: 2/2
   398 | D:1      | Reached XP level 2. HP: 16/16 MP: 3/3
   406 | D:1      | Learned a level 2 spell: Slow
   738 | D:1      | Reached skill level 1 in Stealth
   831 | D:1      | Reached XP level 3. HP: 20/20 MP: 4/4
  1883 | D:2      | Reached XP level 4. HP: 26/26 MP: 5/5
  2091 | D:2      | Found a faded altar of an unknown god.
  2136 | D:2      | Reached skill level 3 in Crossbows
  2189 | D:2      | Found an iron altar of Okawaru.
  2229 | D:2      | Became a worshipper of Warmaster Okawaru
  2662 | D:2      | Reached XP level 5. HP: 29/31 MP: 6/6
  3124 | D:2      | Learned a level 3 spell: Portal Projectile
  3222 | D:2      | Reached skill level 1 in Invocations
  3922 | D:3      | Upgraded the game from 0.24-a0-381-g637bb38 to
                  | 0.24-a0-397-g73b976d
  4387 | D:3      | Reached XP level 6. HP: 36/36 MP: 8/8
  4410 | D:3      | Reached skill level 4 in Crossbows
  5309 | D:4      | Noticed a phantom
  5318 | D:4      | Reached XP level 7. HP: 21/41 MP: 9/9
  5680 | D:4      | Reached * piety under Okawaru
  5680 | D:4      | Reached skill level 5 in Crossbows
  6409 | D:4      | Found a staircase to the Ecumenical Temple.
  7112 | D:5      | Entered Level 5 of the Dungeon
  7142 | D:5      | Reached skill level 5 in Stealth
  7421 | D:5      | Reached skill level 6 in Crossbows
  7445 | D:5      | Reached XP level 8. HP: 26/48 MP: 8/10
  8522 | D:5      | Slain by an orc priest

Levels and vault maps discovered:
D:1:      dpeg_chamrin_arrival_tetris, layout_loops_ring,
          chequers_serial_rivers_micro_c
D:2:      layout_loops_corners, okawaru_trees_1, first_ration,
          chequers_ecumenical_altar_grove
D:3:      layout_loops_ring
D:4:      layout_loops_ring, minmay_temple_entry_statues_pillars
D:5:      wad_woods_stonehenge, layout_basic, uniq_ijyb

Skill      XL: |  1  2  3  4  5  6  7 |
---------------+----------------------+-----
Stealth        | 1 2 3 4 5 |  5.7
Fighting       | 2 3 4 |  4.4
Crossbows      | 3 4 6 |  6.7
Hexes          | 4 |  4.6
Invocations    | 1 |  1.0
Dodging        | |  2.4
Spellcasting   | |  1.5

Action                   |  1- 3 |  4- 6 |  7- 9 || total
-------------------------+-------+-------+-------++-------
Melee: Spear             |    45 |   128 |   106 ||   279
       Hand crossbow     |       |     1 |     1 ||     2
       Trident           |       |       |    27 ||    27
 Fire: Hand crossbow     |    40 |   169 |    72 ||   281
 Cast: Slow              |     4 |       |     5 ||     9
       Corona            |       |     3 |     1 ||     4
Invok: Heroism           |       |       |     1 ||     1
  Use: Scroll            |     3 |       |     8 ||    11
       Potion            |     1 |     2 |     5 ||     8
 Stab: Sleeping          |       |     6 |     3 ||     9
  Eat: Chunk             |    12 |    11 |     7 ||    30
Armor: Ring mail         |    20 |    75 |    35 ||   130
       Skin              |       |     5 |       ||     5
Dodge: Dodged            |    41 |   157 |   108 ||   306

Table legend:
 A = Non-vault XP
 B = Vault XP
 C = Vault XP percentage of total XP
 D = Non-vault monster count
 E = Vault monster count
 F = Vault count percentage of total count
                 A         B        C        D         E       F
            +---------+---------+-------+---------+---------+-------
      Total |    1242 |      40 |   3.1 |     122 |       3 |   2.4
            +---------+---------+-------+---------+---------+-------
        D:1 |      32 |       0 |   0.0 |      16 |       0 |   0.0
        D:2 |     144 |       0 |   0.0 |      33 |       0 |   0.0
        D:3 |     395 |       0 |   0.0 |      46 |       0 |   0.0
        D:4 |     341 |       0 |   0.0 |      16 |       0 |   0.0
        D:5 |     330 |      40 |  10.8 |      11 |       3 |  21.4
            +---------+---------+-------+---------+---------+-------
